AoeStats
← JPSL

Arabia

509087771Analyzed
1v1 RM · 8d ago on Sep 25, 2026· 29m 17s· 2 players
Game mode
Random Map
Map size
Tiny (2 player)
Population
200
Speed
Normal
Resources
Standard
Victory
Conquest
Starting age
Dark Age
Ending age
Imperial Age
RankedLock teamsTeams togetherTeam positionsShared explorationLock speedFull tech treeHidden civsTurbo modeCheats
Victory
Defeat
🇧🇷 Japanese · Brazil
1371
+16
🇦🇷 Lithuanians · Argentina
1378
-16
jesseytf
9:06 Feudal Age
9:10 Man-at-Arms
10:17 Loom
22:33 Scale Mail Armor
23:26 Fletching
28:11 Arson
JPSL
5:46 Loom
5:48 Loom
8:55 Feudal Age
9:54 Double-Bit Axe
22:02 Fletching
Connection lost

Rejoining the realm…

Still unreachable

The connection could not be restored.

Session expired

The server has moved on; the page needs a fresh start.